Unix NetHack Version 5.0.0-0 post-release - last build May 23 2026 06:08:33 (1c0ff79ee797540d5714e4e18072db0edd9e58ae,branch:main).

Game began 2026-05-24 21:25:35, ended 2026-05-25 00:31:57.

Jobair, neutral female human Tourist

                        -------------------------------
                        |...)..[..................@...|
                        ----------------------------..|
                                                   |..|
                                                   |..|
                                                   |..|
                                                   |..|
                                                   -%.|
                                                  ....|
                                                  --..|
                                                   |..|
                                                      |

Jobair the Excursionist     St:10 Dx:15 Co:18 In:15 Wi:8 Ch:15  Neutral
Dlvl:11 $:25 HP:0(67) Pw:35(35) AC:-6 Xp:9 T:12078  Burdened

Latest messages:
 The barbed devil hits!
 The barbed devil misses!
 The barbed devil stings!
 The pyrolisk attacks you with a fiery gaze!
 Your silver saber named Grayswandir sears the barbed devil's flesh!
 You kill the barbed devil!
 The barbed devil misses!
 The barbed devil just misses!
 The barbed devil stings!
 The barbed devil hits!
 The barbed devil misses!
 The barbed devil stings!
 The pyrolisk attacks you with a fiery gaze!
 Somehow, your robe is not affected by the heat.
 You hit the barbed devil!
 Your silver saber named Grayswandir sears the barbed devil's flesh!
 The barbed devil reads a scroll labeled THARR!
 A quivering blob suddenly appears close by!
 Your silver saber named Grayswandir sears the barbed devil's flesh!
 You kill the barbed devil!
 Welcome to experience level 9.
 You feel more confident in your skills.
 You hit the quivering blob!
 The pyrolisk attacks you with a fiery gaze!
 You hit the pyrolisk!
 The pyrolisk attacks you with a fiery gaze!
 The pyrolisk bites!
 You kill the pyrolisk!
 You kill the quivering blob!
 You see here a quivering blob corpse.
 There is nothing here to pick up.
 It touches you!
 You avoid harm.
 Something casts a spell at you!
 You suddenly feel weaker!
 You miss it.
 It touches you!
 You avoid harm.
 You attack thin air.
 You feel an unseen monster!
 It touches you!
 You avoid harm.
 Something casts a spell at you!
 Your head suddenly aches very painfully!
 You die...
 Do you want your possessions identified? [ynq] (y) y
 Do you want to see your attributes? [ynq] (y) y
 Do you want an account of creatures vanquished? [ynaq] (y) y
 Do you want to see your conduct and achievements? [ynq] (y) y
 Do you want to see the dungeon overview? [ynq] (y) y

Inventory:
 Coins    ('$')
  $ - 25 gold pieces
 Weapons  (')')
  h - 9 blessed +0 darts
  T - 10 +2 darts (at the ready)
  W - 20 +0 darts
  X - 5 cursed +0 darts
  a - the blessed +3 Grayswandir (weapon in right hand)
 Armor    ('[')
  d - an uncursed +0 dwarvish iron helm (being worn)
  i - an uncursed +0 pair of leather gloves (being worn)
  j - an uncursed +0 pair of high boots
  e - an uncursed +0 pair of iron shoes (being worn)
  c - an uncursed +0 dwarvish roundshield (being worn)
  u - an uncursed fireproof +0 robe (being worn)
  I - an uncursed +1 dwarvish mithril-coat (being worn)
 Scrolls  ('?')
  f - an uncursed scroll of food detection
  Z - an uncursed scroll of teleportation
 Potions  ('!')
  R - an uncursed potion of confusion
  P - an uncursed potion of water
 Rings    ('=')
  V - an uncursed ring of shock resistance
 Wands    ('/')
  s - a wand of create monster (0:12)
  G - a wand of digging (0:3)
  x - a wand of stasis (0:6)
 Tools    ('(')
  b - a blessed bag of holding containing 51 items
  v - a bag of tricks (0:15)
  y - an uncursed tooled horn
  p - an expensive camera (0:23)
  g - an uncursed leash
  Y - an uncursed magic lamp (lit)
  S - an uncursed skeleton key
  U - an uncursed skeleton key
  o - an uncursed towel
  L - a +0 unicorn horn
 Gems/Stones  ('*')
  l - an uncursed aquamarine stone
  O - an uncursed obsidian stone
  Q - 2 uncursed worthless pieces of black glass
  k - an uncursed worthless piece of blue glass

Contents of the bag of holding:
  66 gold pieces
  an uncursed amulet of magical breathing
  49 +0 darts
  a cursed -2 dart
  an uncursed +0 pair of jumping boots
  an uncursed +0 pair of speed boots
  a blessed +0 alchemy smock with text "If we weren't meant to eat animals, why are they made out of meat?"
  an uncursed food ration
  2 uncursed tripe rations
  an uncursed tin of hobgoblin meat
  an uncursed egg
  an uncursed scroll of blank paper
  2 cursed scrolls of blank paper
  an uncursed scroll of create monster
  a cursed scroll of create monster
  an uncursed scroll of destroy armor
  a cursed scroll of enchant armor
  an uncursed scroll of fire
  2 uncursed scrolls of identify
  a cursed scroll of identify
  2 uncursed scrolls of light
  an uncursed scroll of scare monster
  an uncursed spellbook of charm monster
  an uncursed spellbook of charm monster
  an uncursed spellbook of charm monster
  an uncursed spellbook of create monster
  an uncursed potion of gain energy
  an uncursed potion of hallucination
  5 blessed potions of healing
  an uncursed potion of levitation
  a blessed potion of object detection
  an uncursed potion of restore ability
  a cursed -2 ring of gain constitution
  a blessed +1 ring of increase accuracy
  an uncursed ring of invisibility
  a wand of striking (0:8)
  a can of grease (0:11)
  an uncursed oil lamp
  a +0 pick-axe
  an uncursed skeleton key
  an uncursed tallow candle
  3 cursed tallow candles
  17 uncursed wax candles
  2 uncursed garnet stones
  an uncursed topaz stone
  5 uncursed worthless pieces of blue glass
  an uncursed worthless piece of green glass
  an uncursed worthless piece of red glass
  an uncursed worthless piece of white glass
  2 uncursed worthless pieces of yellow glass
  2 uncursed worthless pieces of yellowish brown glass

Jobair the Tourist's attributes:

Background:
 You were an Excursionist, a level 9 female human Tourist.
 You were neutral, on a mission for The Lady
 who was opposed by Blind Io (lawful) and Offler (chaotic).
 You were right-handed.
 You were in the Gnomish Mines, on level 11.
 You entered the dungeon 12078 turns ago.
 It was the midnight hour.
 You had 2791 experience points, 2329 more were needed to attain level 10.

Basics:
 You had 0 out of 67 hit points.
 You had all 35 energy points (spell power).
 Your armor class was -6.
 Your wallet contained 25 zorkmids, and
 you had 66 more stashed away in your pack.
 Autopickup was off.

Final Characteristics:
 Your strength was 10 (peak:14, limit:18/100).
 Your dexterity was 15 (limit:18).
 Your constitution was 18 (limit:18).
 Your intelligence was 15 (limit:18).
 Your wisdom was 8 (limit:18).
 Your charisma was 15 (limit:18).

Final Status:
 You weren't hungry.
 You were burdened; movement was slightly slowed.
 You were wielding a saber.
 You were skilled in saber.

Final Attributes:
 You were piously aligned.
 You were poison resistant.
 You resisted hallucinations.
 You were guarded.
 You are dead.

Miscellaneous:
 You didn't encounter any bones levels.
 Total elapsed playing time was 2 hours, 32 minutes and 42 seconds.

Major events:
 Turn
    1: Jobair the neutral female human Tourist entered the dungeon
  716: entered the Gnomish Mines
 1454: attained the rank of Sightseer (level 3)
 1579: found Grimtooth in a shop
 3802: attained the rank of Excursionist (level 6)
 5164: Melac, the antique weapons outlet proprietrix, has been killed
 5358: Matagami, the general store proprietrix, has been killed
 6413: reached Mine Town
 7556: Tjisolok, the delicatessen proprietor, has been killed
 8024: Akureyri, the general store proprietor, has been killed
 8063: Aned, the hardware store proprietor, has been killed
 8182: Izchak, the lighting store proprietor, has been killed
 8346: made her first wish - "blessed rustproof +3 Grayswandir", got "a silver saber named Grayswandir"
12078: killed by an invisible demilich

You didn't know any spells.

Skills:
 Fighting Skills
   bare handed combat [Unskilled]
   two weapon combat  [Unskilled]
   riding             [Unskilled]
 Weapon Skills
   dagger             [Basic]
   knife              [Unskilled]
   axe                [Unskilled]
   pick-axe           [Unskilled]
   short sword        [Unskilled]
   broadsword         [Unskilled]
   long sword         [Unskilled]
   two-handed sword   [Unskilled]
   saber              [Skilled]
   mace               [Unskilled]
   morning star       [Unskilled]
   flail              [Unskilled]
   hammer             [Unskilled]
   quarterstaff       [Unskilled]
   polearms           [Unskilled]
   spear              [Unskilled]
   trident            [Unskilled]
   lance              [Unskilled]
   bow                [Unskilled]
   sling              [Unskilled]
   crossbow           [Unskilled]
   dart               [Skilled]
   shuriken           [Unskilled]
   boomerang          [Unskilled]
   whip               [Unskilled]
   unicorn horn       [Unskilled]
 Spellcasting Skills
   divination spells  [Unskilled]
   enchantment spells [Unskilled]
   escape spells      [Unskilled]

Voluntary challenges:
 Character rerolling was not enabled.
 You never genocided any monsters.
 You never polymorphed an object.
 You never changed form.
 You used 1 wish (for an artifact).
Achievements:
 You entered a shop.
 You entered the Gnomish Mines.
 You attained the rank of Sightseer.
 You attained the rank of Excursionist.
 You entered Minetown.
 You entered a temple.

 The Dungeons of Doom: levels 1 to 6
    Level 1:
       Many fountains.
    Level 2:
       A general store.
       Stairs down to The Gnomish Mines.
    Level 3:
       A weapon shop, a fountain.
    Level 4:
       A fountain.
    Level 5:
    Level 6:
       A fountain.
 The Gnomish Mines: levels 3 to 11
    Level 3:
    Level 4:
    Level 5:
       Many shops, a temple and an altar to The Lady, some fountains, some trees.
    Level 6:
    Level 7:
    Level 8:
    Level 9:
    Level 10:
    Level 11: <- You were here.
       Final resting place for
          you, killed by an invisible demilich.


Vanquished creatures:
  6 shopkeepers
 an aligned cleric
  2 watch captains
  2 barbed devils
  2 small mimics
  a warhorse
  a pyrolisk
  a tiger
  a tengu
  3 watchmen
  a crocodile
  2 quivering blobs
  a winter wolf cub
 16 leprechauns
 an orc-captain
 an iron piercer
  2 giant spiders
  a black light
  3 gnome rulers
 an owlbear
  2 yetis
  2 dogs
  a dwarf leader
  3 blue jellies
  a gray unicorn
  a black unicorn
  2 gnome mummies
  4 soldier ants
  a fire ant
  2 bugbears
  2 wood nymphs
  2 water nymphs
  4 mountain nymphs
  6 Uruk-hai
  3 rock piercers
  2 ponies
  2 fog clouds
  a yellow light
  a shrieker
  a violet fungus
 16 gnome leaders
  2 gnomish wizards
 an elf zombie
  a ghoul
  2 straw golems
  a paper golem
  a giant ant
  2 little dogs
  2 floating eyes
 22 dwarves
  a kobold shaman
  4 rothes
  a rabid rat
  a centipede
  a giant bat
  a monkey
  3 orc zombies
  a wererat
  a werejackal
  6 iguanas
  2 acid blobs
  7 coyotes
  a gas spore
  6 hobbits
  3 manes
  a large kobold
  2 hobgoblins
  4 giant rats
  6 cave spiders
  2 brown molds
  3 yellow molds
 70 gnomes
  3 geckos
 11 jackals
  3 foxes
  4 kobolds
  4 goblins
  a sewer rat
  7 grid bugs
  4 lichens
  2 kobold zombies
  9 newts
317 creatures vanquished.

No species were genocided or became extinct.

Game over:
                       ----------
                      /          \
                     /    REST    \
                    /      IN      \
                   /     PEACE      \
                  /                  \
                  |      Jobair      |
                  |      91 Au       |
                  |   killed by an   |
                  |    invisible     |
                  |     demilich     |
                  |                  |
                  |       2026       |
                 *|     *  *  *      | *
        _________)/\\_//(\/(/\)/\//\/|_)_______

Aloha Jobair the Tourist...

You died in The Gnomish Mines on dungeon level 11 with 11674 points,
and 91 pieces of gold, after 12078 moves.
You were level 9 with a maximum of 67 hit points when you died.

